Map: Magannatha LE

Players

Proxyimba

  • Race: Protoss Protoss
  • League: Grandmaster
  • Spawn Location: 5:00

ILoveYou - Winner!

  • Race: Zerg Zerg
  • League: Master
  • Spawn Location: 11:00

VOD

Have the link to the VOD?

Description

Time

  • Played on: Sept. 9, 2025, 11:56 p.m.
  • Length: 20:43
Show
View Real Time Build Order
Export as new Build Order

Proxyimba Protoss 

Build Orders: 1 Gate Expand, Oracle Opening 

Get SALT Encoding   

  12  0:00  Probe  
  13  0:12  Probe  
  14  0:19  Pylon  
  14  0:24  Probe  
  15  0:35  Probe  
  15  0:40  Gateway  
  16  0:43  Probe  
  16  0:48  Assimilator  
  17  0:51  Probe  
  18  1:03  Probe  
  19  1:15  Probe  
  20  1:27  Nexus  
  20  1:38  Cybernetics Core  
  20  1:41  Probe  
  20  1:45  Assimilator  
  21  1:55  Probe  
  22  2:05  Pylon  
  22  2:08  Probe  
  23  2:16  Warp Gate  
  23  2:20  Stalker, Probe  
  23  2:28  Probe  
  26  2:30  Stargate  
  26  2:36  Probe  
  27  2:37  Probe  
  29  2:44  Probe  
  29  2:49  Probe  
  31  2:54  Probe  
  32  3:01  Probe  
  32  3:04  Oracle  
  33  3:06  Probe  
  34  3:13  Probe  
  34  3:18  Probe  
  39  3:22  Twilight Council  
  39  3:25  Probe  
  40  3:32  Nexus  
  40  3:35  Probe  
  40  3:38  Probe  
  42  3:47  Oracle, Probe  
  46  3:54  Pylon  
  46  4:02  Resonating Glaives  
  46  4:05  Gateway x2  
  46  4:12  Probe x2  
  48  4:24  Probe x2  
  48  4:27  Gateway, Forge  
  48  4:31  Pylon  
  50  4:33  Oracle  
  50  4:36  Probe  
  50  4:38  Gateway  
  54  4:40  Gateway  
  54  4:44  Pylon, Probe  
  54  4:45  Protoss Ground Weapons Level 1, Probe  
  55  5:03  Probe  
  55  5:05  Adept x2  
  60  5:07  Probe  
  60  5:11  Gateway x2  
  60  5:12  Probe  
  62  5:15  Probe  
  62  5:19  Probe  
  62  5:20  Pylon  
  64  5:24  Probe  
  64  5:27  Probe  
  66  5:28  Adept x4  
  66  5:31  Probe  
  75  5:36  Charge, Probe  
  75  5:38  Pylon, Adept x2  
  80  5:43  Probe  
  80  5:47  Assimilator  
  80  5:48  Probe  
  80  5:49  Assimilator  
  82  5:51  Probe  
  82  5:55  Probe  
  84  6:00  Probe  
  84  6:03  Probe  
  86  6:07  Probe  
  79  6:12  Probe  
  79  6:15  Probe  
  79  6:17  Adept x6  
  79  6:18  Adept  
  87  6:19  Probe  
  87  6:24  Probe  
  89  6:33  Probe  
  89  6:36  Probe, Shield Battery  
  91  6:42  Probe  
  91  6:46  Gateway x2  
  92  6:49  Gateway  
  92  6:51  Gateway  
  92  6:52  Gateway  
  92  6:53  Probe x2  
  94  7:03  Pylon, Probe  
  94  7:07  Adept x3, Nexus  
  101  7:08  Pylon  
  101  7:11  Pylon x3  
  101  7:12  Assimilator  
  101  7:13  Pylon  
  101  7:21  Probe  
  101  7:22  Protoss Ground Weapons Level 2  
  102  7:23  Gateway  
  102  7:24  Gateway  
  102  7:26  Gateway, Probe  
  102  7:27  Gateway  
  99  7:35  Zealot x6  
  101  7:47  Adept x3  
  101  7:48  Adept x2  
  110  7:54  Probe  
  110  7:58  Probe  
  97  8:00  Probe  
  97  8:03  Zealot x6  
  100  8:16  Adept x3  
  100  8:17  Adept  
  100  8:19  Probe  
  81  8:29  Adept x8  
  81  8:30  Adept  
  92  8:44  Probe  
  92  8:45  Probe x2  
  92  8:48  Templar Archives  
  93  8:53  Assimilator  
  93  8:54  Probe  
  94  8:56  Probe  
  94  8:57  Pylon  
  94  8:59  Pylon  
  94  9:02  Pylon  
  95  9:05  Probe x2  
  95  9:06  Probe  
  97  9:10  Probe  
  97  9:16  Adept x7, Probe  
  113  9:23  Adept x2  
  118  9:32  Adept x2  
  118  9:33  Adept x3  
  126  9:43  Protoss Ground Weapons Level 3, Probe  
  111  9:45  Adept  
  111  9:46  Adept x6  
  111  9:49  Psionic Storm, Probe  
  111  9:51  Zealot x2  
  97  10:06  Probe  
  98  10:15  Nexus  
  98  10:17  Probe  
  98  10:30  Zealot  
  98  10:31  Zealot x5  
  98  10:32  Adept x6  
  122  10:38  Probe  
  119  10:49  High Templar  
  115  10:50  High Templar x2  
  114  11:00  High Templar  
  114  11:01  Zealot x2, High Templar x3  
  114  11:02  Zealot x6  
  136  11:12  Blink  
  136  11:23  High Templar x3  
  136  11:24  Zealot x2, High Templar  
  136  11:25  Nexus  
  148  11:28  Pylon, Archon  
  148  11:29  Archon  
  148  11:30  Pylon  
  148  11:34  Probe  
  147  11:46  Zealot x5  
  147  11:47  Zealot x6  
  147  11:55  Probe  
  148  12:02  Probe  
  148  12:04  Zealot  
  148  12:05  High Templar  
  148  12:06  High Templar  
  155  12:09  High Templar x2  
  155  12:13  Stargate  
  155  12:15  Stargate, Archon x2  
  159  12:17  Probe  
  159  12:19  Probe  
  161  12:27  High Templar x2  
  161  12:28  Zealot  
  164  12:33  Pylon x2  
  153  12:45  Zealot x4  
  153  12:46  Zealot x2  
  153  12:50  High Templar  
  143  13:03  Zealot x2  
  143  13:04  Zealot x6  
  119  13:22  Zealot x3, High Templar  
  119  13:23  Zealot x3  
  119  13:24  Probe  
  119  13:25  Archon  
  119  13:26  Archon  
  130  13:28  Probe  
  130  13:29  Probe  
  130  13:32  Pylon  
  130  13:34  Pylon, High Templar x5  
  142  13:47  Fleet Beacon  
  138  14:09  Archon x2  
  102  14:12  Zealot, High Templar x3  
  102  14:13  Zealot x6  
  102  14:14  Zealot x3  
  114  14:24  Assimilator  
  114  14:25  Assimilator  
  114  14:26  Zealot x2  
  117  14:40  Zealot x2  
  117  14:41  Stalker  
  117  14:42  Stalker x5  
  119  14:56  Zealot x7  
  123  15:01  Archon  
  115  15:10  Zealot x5  
  111  15:35  High Templar x6  
  123  15:36  Nexus  
  123  15:40  Pylon  
  119  16:10  Zealot x5, High Templar x2  
  119  16:11  Zealot x2  
  137  16:14  Archon  
  137  16:22  Probe  
  120  16:38  Pylon  
  102  16:51  High Templar x7  
  102  16:52  Zealot x5  
  102  16:53  Zealot x2  
  127  16:56  Archon x3  
  127  16:58  Carrier  
  97  17:35  Zealot x6  
  97  17:36  Zealot x2  
  82  17:49  Archon x2  
  82  17:50  Archon  
  82  17:51  Carrier  
  68  17:59  Zealot x3  
  80  18:09  Probe  
  80  18:10  Probe  
  82  18:15  Probe x2  
  84  18:20  High Templar x2  
  84  18:21  Zealot x2  
  84  18:24  Archon  
  92  18:27  High Templar x2  
  92  18:32  Assimilator  
  96  18:34  Assimilator  
  96  18:36  Archon  
  96  18:38  Probe  
  96  18:40  Zealot  
  99  18:54  High Templar  
  99  18:55  Zealot x3  
  107  19:14  Nexus  
  107  19:21  High Templar x3  
  113  19:39  Pylon, High Templar x2  
  113  19:40  Zealot x2  
  121  19:47  Oracle  
  121  19:49  Archon  
  121  20:08  Cybernetics Core  
  109  20:27  Zealot x7  
  103  20:38  Archon  
Show
View Real Time Build Order
Export as new Build Order

ILoveYou Zerg - Winner!

Build Orders: Hatch First 

Get SALT Encoding   

  12  0:00  Drone  
  13  0:10  Drone  
  14  0:15  Drone, Extractor  
  15  0:22  Overlord  
  15  0:40  Drone  
  16  0:46  Hatchery  
  15  0:50  Drone  
  15  0:54  Drone  
  17  0:59  Drone  
  18  1:09  Extractor  
  17  1:14  Spawning Pool  
  17  1:16  Drone  
  17  1:20  Drone  
  18  1:27  Drone  
  19  1:39  Drone  
  20  1:48  Drone  
  21  2:02  Queen x2  
  21  2:03  Zergling x4  
  27  2:15  Hatchery  
  26  2:18  Drone  
  26  2:20  Drone  
  28  2:27  Overlord  
  28  2:33  Metabolic Boost  
  28  2:45  Overlord  
  28  2:48  Drone x4  
  32  2:54  Drone  
  33  3:00  Queen  
  33  3:01  Drone  
  33  3:05  Drone  
  41  3:12  Drone x4  
  41  3:15  Drone  
  42  3:26  Overlord  
  42  3:28  Queen  
  42  3:30  Drone x2  
  46  3:42  Drone x3  
  46  3:44  Drone  
  46  3:45  Overlord  
  50  3:49  Drone x2  
  50  3:53  Overlord  
  52  4:00  Drone x5  
  57  4:06  Drone x2  
  53  4:17  Drone x8  
  61  4:25  Drone x2  
  63  4:31  Lair  
  63  4:32  Queen x2  
  63  4:34  Drone  
  63  4:35  Drone  
  69  4:40  Drone  
  69  4:42  Zergling x2  
  69  4:43  Zergling x4  
  73  4:48  Zergling x2  
  73  4:49  Hatchery  
  73  4:55  Zergling x2  
  73  5:06  Overlord x2  
  73  5:11  Overlord  
  73  5:12  Extractor  
  73  5:13  Extractor  
  71  5:18  Drone x2  
  71  5:20  Overlord  
  73  5:27  Drone  
  73  5:28  Drone x3  
  76  5:29  Drone x2  
  76  5:32  Zergling x2  
  76  5:33  Zergling x2  
  76  5:35  Zergling x8, Hydralisk Den  
  81  5:36  Zergling x8  
  81  5:40  Zergling x2  
  89  5:46  Zergling x2  
  89  5:47  Zergling x6, Overlord  
  93  6:00  Extractor  
  93  6:01  Extractor  
  93  6:02  Zergling x16  
  97  6:10  Queen x3  
  97  6:11  Queen  
  84  6:22  Drone x3  
  84  6:23  Hydralisk  
  84  6:24  Hydralisk x7  
  103  6:31  Drone x4  
  103  6:32  Overlord x2  
  106  6:37  Drone  
  106  6:38  Hydralisk x2  
  109  6:42  Overlord  
  109  6:46  Queen  
  111  6:49  Hydralisk x3  
  111  6:50  Hydralisk  
  111  6:51  Zergling x2  
  111  6:52  Overlord  
  120  6:55  Hydralisk  
  120  6:56  Hydralisk  
  120  7:00  Hydralisk  
  126  7:04  Overlord  
  126  7:07  Zergling x2, Hydralisk x2  
  131  7:12  Zergling x6  
  131  7:14  Hydralisk  
  131  7:15  Hydralisk  
  136  7:17  Zergling x4  
  136  7:18  Zergling x2  
  136  7:21  Overlord  
  141  7:23  Pneumatized Carapace  
  141  7:26  Hydralisk  
  138  7:30  Hydralisk  
  138  7:36  Zergling x2  
  138  7:37  Zergling x16  
  138  7:40  Zergling x2  
  138  7:42  Zergling x2  
  147  7:44  Zergling x2  
  147  7:46  Zergling x2  
  147  7:47  Zergling x8, Hydralisk  
  152  7:53  Hydralisk  
  143  7:58  Zergling x2  
  143  7:59  Hydralisk x4  
  143  8:04  Hydralisk  
  137  8:06  Muscular Augments  
  137  8:07  Hydralisk  
  137  8:09  Zergling x2  
  137  8:10  Zergling x2  
  137  8:12  Hydralisk  
  125  8:14  Zergling x8  
  125  8:15  Zergling x2  
  125  8:18  Zergling x2  
  125  8:19  Zergling x2  
  123  8:20  Zergling x4  
  123  8:23  Zergling x2, Hydralisk  
  123  8:25  Hydralisk  
  126  8:28  Hydralisk  
  126  8:29  Hydralisk  
  126  8:34  Hydralisk  
  129  8:35  Hydralisk  
  129  8:37  Zergling x2  
  129  8:38  Zergling x2  
  129  8:39  Zergling x2  
  129  8:40  Zergling x2  
  133  8:43  Zergling x2  
  133  8:44  Zergling x6  
  133  8:47  Drone x2  
  133  8:48  Drone  
  134  8:58  Drone x4, Hydralisk  
  134  8:59  Hydralisk  
  134  9:00  Overlord  
  142  9:13  Hydralisk  
  142  9:14  Hydralisk x5  
  142  9:16  Zergling x2  
  155  9:18  Zergling x2  
  155  9:20  Overlord  
  155  9:21  Hydralisk  
  158  9:27  Hydralisk  
  158  9:28  Hydralisk  
  160  9:31  Hydralisk  
  160  9:33  Hydralisk x2  
  160  9:34  Zergling x2  
  160  9:37  Overlord  
  167  9:39  Hydralisk  
  167  9:40  Hydralisk x2  
  167  9:44  Hydralisk x2  
  158  9:46  Hydralisk  
  158  9:47  Zergling x2  
  158  9:51  Hydralisk  
  143  9:53  Hydralisk  
  143  9:56  Zergling x2  
  143  9:57  Zergling x8  
  143  9:58  Hydralisk  
  136  10:05  Drone x4, Hydralisk  
  140  10:09  Drone x2, Hydralisk  
  140  10:10  Hydralisk  
  140  10:13  Zergling x2  
  147  10:15  Zergling x2  
  147  10:16  Zergling x6  
  147  10:17  Hydralisk  
  147  10:21  Hydralisk x2  
  153  10:26  Hydralisk x2  
  161  10:32  Hydralisk  
  161  10:34  Hydralisk  
  161  10:35  Zergling x4  
  166  10:36  Zergling x10  
  166  10:38  Hydralisk  
  174  10:43  Hydralisk  
  174  10:44  Hydralisk  
  174  10:46  Zergling x2  
  174  10:47  Zergling x8  
  174  10:48  Zergling x2  
  183  10:53  Zergling x2  
  182  10:57  Hydralisk  
  182  11:00  Zergling x2  
  182  11:01  Overlord x3  
  183  11:09  Overlord  
  183  11:18  Baneling Nest  
  182  11:19  Queen  
  182  11:20  Extractor  
  182  11:22  Hydralisk, Overlord  
  182  11:23  Hydralisk x5  
  195  11:28  Hydralisk  
  195  11:31  Grooved Spines  
  197  11:40  Hydralisk  
  197  11:42  Hydralisk  
  197  11:43  Hatchery  
  195  12:09  Centrifugal Hooks  
  195  12:14  Baneling  
  195  12:15  Baneling x18  
  195  12:16  Baneling  
  195  12:17  Zergling x4  
  197  12:24  Zergling x2  
  197  12:25  Zergling x4  
  200  12:35  Extractor  
  199  12:38  Zergling x4  
  199  12:39  Hydralisk x4  
  199  12:41  Hydralisk  
  193  12:44  Hydralisk  
  193  12:45  Hydralisk x2  
  193  12:46  Zergling x2  
  197  12:58  Hydralisk  
  180  13:01  Hydralisk  
  180  13:03  Hydralisk  
  180  13:05  Zergling x20  
  185  13:06  Hydralisk x3  
  185  13:07  Zergling x2  
  188  13:15  Zergling x2  
  188  13:17  Zergling x2  
  188  13:18  Zergling x16  
  141  13:26  Evolution Chamber  
  138  13:28  Drone x3, Hydralisk  
  138  13:29  Evolution Chamber, Hydralisk x3  
  148  13:37  Drone x5  
  148  13:40  Hydralisk  
  155  13:41  Hydralisk  
  155  13:43  Baneling  
  155  13:44  Baneling x14  
  155  13:45  Baneling  
  155  13:47  Zergling x4  
  159  13:50  Queen  
  159  13:52  Zergling x6  
  159  13:53  Hydralisk  
  159  13:55  Hydralisk x2  
  166  14:02  Hydralisk  
  161  14:03  Hydralisk  
  161  14:04  Hydralisk x2  
  161  14:07  Hydralisk  
  161  14:09  Hydralisk  
  154  14:13  Zergling x2  
  154  14:14  Zergling x18  
  154  14:15  Hydralisk  
  168  14:19  Hydralisk  
  168  14:20  Zergling x2  
  168  14:22  Hydralisk  
  168  14:24  Zergling x6, Hydralisk  
  172  14:25  Hydralisk  
  172  14:29  Zergling x2  
  172  14:31  Hydralisk x2  
  178  14:32  Hydralisk  
  178  14:33  Zergling x2  
  178  14:36  Hydralisk  
  178  14:37  Hydralisk  
  189  14:38  Hydralisk  
  189  14:39  Zergling x2  
  189  14:44  Zergling x2  
  193  14:49  Zergling x2  
  193  14:50  Zergling x2  
  193  14:51  Zergling x2  
  177  14:53  Hydralisk  
  177  14:55  Hydralisk  
  177  14:56  Hydralisk  
  177  14:57  Hydralisk x4  
  177  14:59  Zergling x2  
  183  15:02  Zergling x2  
  183  15:03  Zergling x2  
  183  15:06  Zergling x2  
  160  15:09  Zergling x2  
  160  15:13  Zergling x2, Hydralisk x6  
  141  15:17  Hydralisk  
  141  15:18  Hydralisk  
  153  15:26  Zergling x2  
  153  15:27  Zergling x10  
  158  15:29  Zergling x2  
  158  15:35  Zerg Missile Weapons Level 1  
  159  15:36  Hydralisk  
  159  15:37  Hydralisk x3  
  159  15:38  Extractor  
  159  15:40  Hydralisk  
  159  15:42  Zergling x4  
  170  15:46  Hydralisk  
  172  15:51  Hydralisk x3  
  172  15:54  Extractor, Hydralisk  
  172  15:56  Hydralisk  
  179  15:58  Overlord  
  179  16:01  Zergling x2  
  180  16:06  Zergling x2  
  180  16:07  Zergling x12  
  180  16:09  Hydralisk  
  189  16:12  Baneling x5  
  189  16:13  Baneling x3  
  189  16:18  Hydralisk  
  189  16:22  Hydralisk  
  189  16:23  Hydralisk  
  189  16:24  Zergling x2  
  195  16:29  Hydralisk  
  195  16:31  Zergling x2  
  195  16:32  Hydralisk  
  185  16:33  Hydralisk x3  
  185  16:34  Zergling x4  
  185  16:36  Zergling x2  
  189  16:41  Zerg Ground Armor Level 1  
  189  16:42  Hydralisk x2  
  189  16:44  Zergling x2  
  194  16:47  Zergling x2  
  194  16:50  Zergling x2  
  194  16:51  Zergling x10  
  199  17:02  Infestation Pit  
  193  17:25  Hydralisk  
  193  17:26  Hydralisk x10  
  193  17:29  Hydralisk  
  183  17:32  Hydralisk  
  183  17:35  Hydralisk  
  176  17:37  Zergling x2  
  176  17:38  Zergling x6  
  176  17:41  Hydralisk  
  176  17:43  Extractor  
  155  17:44  Hydralisk, Hatchery  
  155  17:45  Zergling x2  
  155  17:51  Zergling x10  
  138  17:54  Hydralisk  
  138  17:57  Hydralisk  
  142  17:59  Zergling x2  
  141  18:09  Hive  
  141  18:11  Hydralisk x3  
  145  18:15  Zergling x2  
  145  18:17  Zerg Missile Weapons Level 2  
  145  18:19  Zergling x2  
  144  18:21  Hydralisk  
  144  18:26  Lurker Den, Hydralisk  
  147  18:28  Zergling x2  
  147  18:30  Zergling x2  
  147  18:32  Hydralisk  
  151  18:35  Hydralisk  
  151  18:38  Hydralisk  
  151  18:41  Hydralisk  
  155  18:43  Hydralisk  
  155  18:46  Hydralisk  
  159  19:10  Hatchery  
  158  19:24  Lurker  
  158  19:25  Lurker x11  
  158  19:26  Zergling x2  
  158  19:27  Zergling x20  
  158  19:30  Drone  
  182  19:35  Seismic Spines  
  182  19:36  Drone x2  
  184  19:42  Hydralisk  
  184  19:43  Extractor  
  184  19:44  Zergling x2  
  186  19:46  Zergling x2  
  186  19:49  Hydralisk x2  
  186  19:51  Hydralisk  
  193  20:00  Spire  
Tags
 
Add a new tag
Caveats
  • Supply blocks, unpowered buildings, or Contaminate may cause inaccurate times.
  • Supply counts are checked every 10 seconds.